Description

1 scv leaves at 7sec 2 scv leaves at 25 sec 3 scv leaves at 36 sec

Replay - 2000 Atmosphären LE (59)

Build Order

Get SALT Encoding   

  12  0:00  SCV  1 scv leaves at 7sec
  13  0:13  SCV  
  14  0:18  Supply Depot  2 scv leaves at 25 sec
  14  0:25  SCV  3 scv leaves at 36 sec
  15  0:40  Barracks  
  15  0:49  Refinery  
  15  0:59  Barracks  
  15  1:12  Barracks  
  15  1:20  Refinery  
Spawning Tool Build Advisor. Get it on Overwolf

Go to:

Details

  • Created by: lucahecker
  • Published on: Mar 15, 2022
  • Modified on: Mar 15, 2022
  • Patch: 4.11.0
  • Difficulty: Easy
Show
View Real Time Build Order
Export as new Build Order

Comments (0)

There are no comments. Be the first!

Create an account to comment!